 Dungeon Crawl Stone Soup version 0.31-a0-164-g2312942fda (webtiles) character file.

Game seed: 10311492523832123794

80794 Shayle the Spear-Bearer (level 15, -7/126 HPs)
             Began as a Naga Reaver on June 13, 2023.
             Was a High Priest of Hepliaklqana.
             Killed from afar by Azrael (28 damage)
             ... with damnation
             ... on level 2 of the Orcish Mines.
             The game lasted 01:57:00 (25608 turns).

Shayle the Spear-Bearer (Naga Reaver)              Turns: 25608, Time: 01:57:01

Health: -7/126     AC: 23    Str: 17    XL:     15   Next: 68%
Magic:  17/24      EV: 10    Int: 21    God:    Hepliaklqana [*****.]
Gold:   1503       SH:  0    Dex:  9    Spells: 8/26 levels left

rFire   . . .        J - +5 eveningstar (spect)
rCold   + + .        (no shield)
rNeg    + . .        H - +1 robe {Archmagi}
rPois   +            y - +2 hat
rElec   .            O - +1 cloak
rCorr   .            T - +1 pair of gloves
SInv    +            o - +2 barding {rC+}
Will    ++...        u - amulet of the acrobat
Stlth   +            g - +4 ring of protection
HPRegen 0.41/turn    K - ring of Yendor {+Blink rC+ rN+ Will+ Str+2}
MPRegen 0.19/turn

%: acrobat, archmagi
@: on fire, very slightly contaminated, glowing, very slow
A: reduced essence, AC +5, large, see invisible, deformed body, poison
resistance, slowness 2, spit poison 1, naga tail 2
a: Spit Poison, Renounce Religion, Evoke Blink, Recall Ancestor, Ancestor
Identity, Transference, Idealise


You were on level 2 of the Orcish Mines.
You worshipped Hepliaklqana.
Hepliaklqana was extremely pleased with you.
You visited 3 branches of the dungeon, and saw 19 of its levels.
You also visited: Bailey and Gauntlet.

You collected 1963 gold pieces.
You spent 460 gold pieces at shops.

Inventory:

Hand Weapons
 j - the +5 broad axe of Eternal Night {heavy, rC+}
   (You found it on level 4 of the Lair of Beasts)

   rC:        It protects you from cold.
 D - the +5 trident of Miuf {venom, Str+3}
   (You found it on level 6 of the Dungeon)

   Str:       It affects your strength (+3).
 J - a +5 spectral eveningstar (weapon)
Missiles
 i - 9 curare-tipped darts
 k - 4 throwing nets
 I - 8 silver javelins (quivered)
Armour
 o - a +2 barding of cold resistance (worn)
 y - a +2 hat (worn)
 H - a +1 robe of the Archmagi (worn)
 O - a +1 cloak (worn)
 T - a +1 pair of gloves (worn)
 U - a +1 barding of flying
Jewellery
 a - an amulet of guardian spirit
 b - a +6 ring of strength
 g - a +4 ring of protection (left hand)
 h - a ring of wizardry
 u - an amulet of the acrobat (around neck)
 K - the ring of Yendor (right hand) {+Blink rC+ rN+ Will+ Str+2}
   (You found it in a Gauntlet)

   [ring of positive energy]

   Str:       It affects your strength (+2).
   rC:        It protects you from cold.
   rN:        It protects you from negative energy.
   +Blink:    It lets you blink.
   Will:      It increases your willpower.
 V - the ring "Afiub" {AC+4 SInv}
   (You found it in a Gauntlet)

   [ring of protection]

   AC:        It affects your AC (+4).
   SInv:      It lets you see invisible.
 Y - a ring of resist corrosion
Wands
 t - a wand of iceblast (25)
 B - a wand of charming (8)
 F - a wand of flame (64)
 N - a wand of mindburst (14)
 X - a wand of digging (3)
Scrolls
 d - 4 scrolls of revelation
 f - 4 scrolls of teleportation
 m - 5 scrolls of vulnerability
 n - a scroll of amnesia
 p - 2 scrolls of poison
 r - a scroll of torment
 v - a scroll of summoning
 x - a scroll of silence
 C - 5 scrolls of blinking
 P - 3 scrolls of fear
Potions
 c - 3 potions of might {unknown}
 e - 2 potions of attraction
 l - 7 potions of haste
 q - 6 potions of brilliance
 s - 2 potions of enlightenment
 w - 3 potions of invisibility {unknown}
 z - 6 potions of curing
 A - 3 potions of cancellation
 E - a potion of ambrosia
 G - 3 potions of mutation
 L - 3 potions of degeneration {unknown}
 R - 2 potions of magic {unknown}
Miscellaneous
 Q - a phantom mirror (inert)


   Skills:
 - Level 10.9 Fighting
 + Level 11.6 Polearms
 - Level 9.0 Dodging
 - Level 5.2 Stealth
 - Level 6.0 Spellcasting
 - Level 4.3 Conjurations
 - Level 11.4 Necromancy
 * Level 4.8 Fire Magic
 - Level 10.3 Earth Magic
 + Level 11.4 Invocations


You had 8 spell levels left.
You knew the following spells:

 Your Spells              Type           Power      Damage    Failure   Level
a - Kiss of Death         Conj/Necr      100%       2d13      1%          1
b - Slow                  Hex            36%        N/A       10%         1
c - Vampiric Draining     Necr           69%        2d10      1%          3
d - Stone Arrow           Conj/Erth      100%       3d13      1%          3
e - Borgnjor's Vile Clut  Necr/Erth      33%        N/A       3%          5
f - Poisonous Vapours     Pois/Air       18%        N/A       14%         2
g - Ignite Poison         Fire/Tmut/Pois 19%        N/A       16%         3

Your spell library contained the following spells:

 Spells                   Type           Power      Damage    Failure   Level
 Necrotise                Necr           100%       1d9       1%          1
 Passwall                 Tmut/Erth      34%        N/A       1%          2
 Animate Dead             Necr           69%        N/A       1%          4
 Agony                    Necr           69%        N/A       2%          5
 Cigotuvi's Dreadful Rot  Necr/Pois/Air  66%        N/A       3%          2
 Shock                    Conj/Air       92%        1d8       4%          1
 Momentum Strike          Conj/Tloc      46%        3d9       6%          2
 Apportation              Tloc           18%        N/A       10%         1
 Beastly Appendage        Tmut           18%        N/A       10%         1
 Summon Small Mammal      Summ           36%        N/A       10%         1
 Volatile Blastmotes      Fire/Tloc      48%        2d14      11%         3
 Dazzling Flash           Conj/Hex       46%        N/A       12%         3
 Hailstorm                Conj/Ice       23%        3d7       12%         3
 Animate Armour           Summ/Erth      82%        N/A       12%         4
 Ensorcelled Hibernation  Hex/Ice        18%        N/A       14%         2
 Wereblood                Tmut           9%         N/A       14%         2
 Death Channel            Necr           34%        N/A       14%         6
 Sticky Flame             Conj/Fire      38%        2d6       16%         4
 Confusing Touch          Hex            9%         N/A       28%         3
 Spider Form              Tmut/Pois      9%         N/A       28%         3
 Swiftness                Air            9%         N/A       28%         3
 Iskenderun's Mystic Bla  Conj/Tloc      23%        2d6       36%         4
 Ice Form                 Ice/Tmut       9%         N/A       67%         4
 Simulacrum               Ice/Necr       22%        N/A       82%         6
 Freezing Cloud           Conj/Ice/Air   9%         6-21      83%         5
 Starburst                Conj/Fire      19%        6d7       93%         6
 Alistair's Intoxication  Tmut/Pois      6%         N/A       95%         5
 Eringya's Noxious Bog    Tmut/Pois      4%         N/A       100%        6
 Ignition                 Fire           19%        3d7       100%        8
 Lehudib's Crystal Spear  Conj/Erth      26%        10d7      100%        8
 Necromutation            Tmut/Necr      22%        N/A       100%        8


Dungeon Overview and Level Annotations

Branches:
Dungeon (12/15)            Temple (0/1) D:5            Lair (5/5) D:10
 Shoals (0/4) Lair:2        Snake (0/4) Lair:3        Slime (0/5) Lair:4
    Orc (2/2) D:12            Elf (0/3) Orc:2        Bailey (visited)
Gauntlet (visited)

Altars:
Hepliaklqana
Makhleb
Nemelex Xobeh
Sif Muna
Trog
Yredelemnul
The Shining One
Jiyva

Shops:
D:5 [   D:8 [   D:10 :![*   D:12 (   Orc:1 (   Orc:2 (

Annotations:
D:10 1 runed translucent door, SigmundSlayer's ghost, journeyman DsGl
Orc:2 Azrael


Innate Abilities, Weirdness & Mutations

Your life essence is reduced to manifest your ancestor. (-10% HP)
Your serpentine skin is tough. (AC +5)
You have supernaturally acute eyesight. (SInv)
Armour fits poorly on your strangely shaped body.
Your system is resistant to poisons. (rPois)
You cover ground very slowly.
You can spit poison.
You can use your snake-like lower body to constrict enemies.


Message History

Aiming: Borgnjor's Vile Clutch (dangerous; 3% risk of failure)
Press: ? - help, Shift-Dir - straight line, f/p - Azrael
Aim: Azrael, wielding a +2 scimitar of flaming (lightly wounded, 100% to hit)
You feel a surge of power!
You miscast Borgnjor's Vile Clutch.
You are very lightly contaminated with residual magic.
Nothing appears to happen.
Aiming: Iceblast
Press: ? - help, Shift-Dir - straight line, f/p - Azrael
Aim: Azrael, wielding a +2 scimitar of flaming (lightly wounded)
The mass of ice explodes!
The iceblast engulfs Azrael!
Azrael is frozen!
Azrael is moderately wounded.
Azrael gestures at you. The bolt of fire misses you.
Aiming: Iceblast
Press: ? - help, Shift-Dir - straight line, p - Azrael The mass of ice explodes!
The iceblast engulfs the orc wizard!
The orc wizard is severely wounded.
The iceblast engulfs Azrael but does no damage.
Azrael is moderately wounded.
Azrael gestures at you. The sticky flame hits you.
You are covered in liquid flames!
Aiming: Iceblast
Press: ? - help, Shift-Dir - straight line, f - Azrael
Aim: Azrael, wielding a +2 scimitar of flaming (lightly wounded)
The mass of ice explodes!
The iceblast engulfs Azrael!
Azrael is frozen!
Azrael is moderately wounded.
The iceblast engulfs the orc wizard!
You kill the orc wizard!
You are covered in liquid flames!
You hear a shout!
A fire elemental comes into view.
Azrael gestures at you.
The fireball explodes!
The fireball engulfs you!!
* * * LOW HITPOINT WARNING * * *
You are covered in liquid flames!
* * * LOW HITPOINT WARNING * * *
Azrael gestures at you.
The sphere of damnation explodes!
The damnation engulfs you!!
You die...

###.....# ###...#.........###
.#.....## ##.....#..###...##.##
°o.....####..........#....÷#..#
.°......##...................##
..○.##.####.............∩...##
...○#h##☼#................)..##
...°RhE☼☼☼...........#.....#..#
...o..#○°.E..).......##...##..#
.#...☼#....†oR..@...<........##
.........#......)...[........#
.............................##
....#.>.#....##.....)..)......#
...####.#....#.....[[[.......##
..## .......#.....[.........#
##.## ..............(...#...##
#...###.#.....)..............##
#....#.#..................<...#


You could see Azrael, a fire elemental and an orc.

Vanquished Creatures
  A minotaur (Gauntlet)
  Snorg (D:10)
  Harold (Lair:2)
  2 hydras
  An ogre mage (D:12)
  A catoblepas (Lair:3)
  2 two-headed ogres
  A centaur warrior (D:11)
  A boulder beetle (D:12)
  3 death yaks (Lair:1)
  Urug (Lair:1)
  Sonja (D:10)
  Amaemon (D:9)
  4 lindwurms (Lair:4)
  An orc knight (D:12)
  A necromancer (Gauntlet)
  2 deep elf pyromancers (D:12)
  A wolf spider (D:12)
  A salamander (shapeshifter) (D:12)
  A cyclops (D:12)
  Maurice (D:10)
  19 elephants
  2 molten gargoyles (Lair:5)
  A torpor snail (Lair:1)
  A gargoyle (D:12)
  A rime drake (Lair:4)
  3 black mambas (Lair:5)
  3 cane toads
  An unseen horror (D:12)
  A kobold demonologist (D:7)
  7 komodo dragons
  A meliai (D:12)
  5 trolls
  A blink frog (Lair:1)
  5 dream sheep (Lair:5)
  2 shadows
  3 slime creatures (D:12)
  A wraith (D:10)
  A vampire (D:12)
  6 wyverns
  39 yaks
  3 fire elementals (Orc:2)
  5 basilisks
  A steam dragon (D:9)
  2 vampire mosquitoes (D:10)
  Menkaure (D:6)
  A naga (Lair:3)
  2 wargs (D:12)
  Edmund (D:6)
  An acid dragon (D:12)
  4 hell hounds
  Duvessa (D:7)
  9 water moccasins
  3 sky beasts
  21 orc warriors
  3 black bears
  7 wolves
  4 centaurs
  A phantom (D:5)
  2 kobold brigands
  Blork the orc (D:4)
  10 bullfrogs
  A gnoll sergeant (D:12)
  3 scorpions
  11 wights
  Dowan (D:7)
  8 killer bees
  2 howler monkeys
  3 lava snakes (Lair:5)
  10 orc priests
  4 hounds
  A jelly (D:5)
  Ijyb (D:5)
  2 hexers
  3 iguanas
  6 orc wizards
  9 gnolls
  12 adders
  A white imp (D:6)
  An ufetubus (D:5)
  5 dart slugs
  40 orcs
  6 ball pythons
  7 endoplasms
  A giant cockroach (D:2)
  8 hobgoblins
  2 jackals (D:1)
  2 quokkas
  11 bats
  3 frilled lizards
  14 goblins
  19 kobolds
  10 rats
422 creatures vanquished.

Vanquished Creatures (collateral kills)
  An orc warlord (Bailey)
  A fire dragon (Lair:5)
  Fannar (Lair:1)
  2 hydras
  2 two-headed ogres
  A catoblepas (Gauntlet)
  A death yak (Lair:1)
  An orc high priest (Orc:2)
  A skyshark (Lair:2)
  A fire crab (Lair:5)
  A glowing orange brain (Gauntlet)
  2 ugly things
  An orc sorcerer (Orc:1)
  A manticore (D:12)
  9 elephants
  A black mamba (Lair:4)
  An orange demon (D:10)
  A gargoyle (Gauntlet)
  5 cane toads
  An unseen horror (D:12)
  3 komodo dragons
  2 trolls (D:12)
  4 blink frogs (Lair:1)
  Grinder (D:5)
  2 dream sheep (Lair:5)
  4 slime creatures (D:12)
  15 yaks
  A vampire (D:9)
  4 wyverns
  3 basilisks
  2 nagas (Lair:3)
  A vampire mosquito (D:10)
  3 water moccasins
  2 hell hounds (Lair:5)
  3 orc warriors (Bailey)
  A sky beast (D:6)
  2 black bears (D:10)
  A centaur (D:8)
  6 wolves
  5 bullfrogs
  2 kobold brigands
  2 gnoll sergeants
  2 scorpions
  5 wights
  3 killer bees (D:8)
  A howler monkey (D:8)
  2 electric eels (D:10)
  A lava snake (Lair:5)
  3 orc priests
  4 jellies (Lair:4)
  A hound (D:6)
  4 iguanas
  5 orc wizards
  10 gnolls
  An adder (D:6)
  A shadow imp (D:6)
  17 orcs
  3 endoplasms (Lair:4)
  5 goblins (Bailey)
  3 hobgoblins (Bailey)
  11 kobolds
186 creatures vanquished.

Vanquished Creatures (others)
  An orc warrior (Bailey)
  An orc wizard (D:9)
  24 hexers
  4 ancestors
  A spectral weapon (D:12)
31 creatures vanquished.

Grand Total: 639 creatures vanquished

Notes
Turn   | Place    | Note
-------+----------+-------------------------------------------
     0 | D:1      | Shayle the Naga Reaver began the quest for the Orb.
     0 | D:1      | Reached XP level 1. HP: 19/19 MP: 3/3
   306 | D:1      | Reached skill level 1 in Stealth
   306 | D:1      | Reached XP level 2. HP: 23/23 MP: 3/5
   635 | D:1      | Reached XP level 3. HP: 26/26 MP: 6/6
  1031 | D:1      | Reached skill level 1 in Necromancy
  1123 | D:2      | Identified the +2 pair of boots of Eternal Night {Stlth+}
  1266 | D:2      | Reached XP level 4. HP: 37/38 MP: 7/7
  1418 | D:2      | Found a burning altar of Makhleb.
  1498 | D:2      | Found a faded altar of an unknown god.
  1909 | D:2      | You fall into a shaft and drop 1 floor!
  2352 | D:3      | Found a basalt altar of Yredelemnul.
  2354 | D:3      | Noticed a profane servitor
  2363 | D:3      | Found a glowing golden altar of the Shining One.
  2365 | D:3      | Noticed an angel
  2431 | D:3      | Reached XP level 5. HP: 36/48 MP: 9/9
  3602 | D:4      | Found a hazy altar of Hepliaklqana.
  3636 | D:4      | Became a worshipper of Hepliaklqana the Forgotten
  3714 | D:4      | Reached XP level 6. HP: 54/56 MP: 10/10
  3724 | D:4      | Noticed Blork the orc
  3738 | D:4      | Killed Blork the orc
  4149 | D:4      | Learned a level 1 spell: Slow
  4150 | D:4      | Found a shimmering blue altar of Sif Muna.
  4179 | D:4      | Found a sparkling altar of Nemelex Xobeh.
  4264 | D:5      | Entered Level 5 of the Dungeon
  4266 | D:5      | Found Koxiuth's Armour Shoppe.
  4440 | D:5      | Learned a level 3 spell: Vampiric Draining
  4506 | D:5      | Reached * piety under Hepliaklqana
  4508 | D:5      | Found a staircase to the Ecumenical Temple.
  4529 | D:5      | Reached XP level 7. HP: 37/55 MP: 12/12
  4797 | D:5      | Noticed Grinder
  4797 | D:5      | Paralysed by Grinder for 3 turns
  4810 | D:5      | Paralysed by Grinder for 3 turns
  4821 | D:5      | Killed Grinder
  4822 | D:5      | Reached skill level 5 in Stealth
  4822 | D:5      | Reached skill level 1 in Invocations
  4958 | D:5      | Found a burning altar of Makhleb.
  4960 | D:5      | Noticed a blizzard demon
  5114 | D:5      | Reached XP level 8. HP: 54/64 MP: 13/13
  5436 | D:5      | Noticed Ijyb
  5440 | D:5      | Killed Ijyb
  5743 | D:6      | Noticed Menkaure
  5746 | D:6      | Noticed Edmund
  5754 | D:6      | Identified the +5 trident of Miuf {venom, Str+3}
  5950 | D:6      | Reached skill level 5 in Polearms
  6170 | D:6      | Killed Edmund
  6195 | D:6      | Killed Menkaure
  6388 | D:6      | Learned a level 3 spell: Stone Arrow
  6658 | D:6      | Reached ** piety under Hepliaklqana
  6674 | D:6      | Remembered your ancestor Cuahtemoc as a hexer
  6905 | D:7      | Noticed Duvessa
  6906 | D:7      | Noticed Dowan
  6911 | D:7      | Noticed a hellwing
  6913 | D:7      | Noticed a kobold demonologist
  6914 | D:7      | Noticed a shadow
  6981 | D:7      | Reached skill level 5 in Fighting
  6983 | D:7      | Reached XP level 9. HP: 65/72 MP: 15/15
  6996 | D:6      | Reached skill level 1 in Earth Magic
  7147 | D:7      | Killed a kobold demonologist
  7182 | D:7      | Killed Duvessa
  7183 | D:7      | Reached skill level 5 in Necromancy
  7185 | D:7      | Killed Dowan
  7639 | D:8      | Found Das Goox's Armour Boutique.
  7680 | D:7      | Learned a level 5 spell: Borgnjor's Vile Clutch
  7824 | D:8      | Noticed a two-headed ogre
  7990 | D:7      | Reached skill level 5 in Invocations
  8082 | D:7      | Reached XP level 10. HP: 62/81 MP: 16/16
  8387 | D:8      | Killed a two-headed ogre
 10015 | D:9      | Noticed a two-headed ogre
 10016 | D:9      | Reached *** piety under Hepliaklqana
 10025 | D:9      | Killed a two-headed ogre
 10026 | D:9      | Reached XP level 11. HP: 90/90 MP: 2/17
 10083 | D:9      | Reached skill level 5 in Earth Magic
 10517 | D:9      | Got the Tome of the Baneful Retinue
 10675 | D:10     | Entered Level 10 of the Dungeon
 10685 | D:10     | Noticed Snorg
 10691 | D:10     | Noticed Amaemon
 10716 | D:9      | Killed Amaemon
 10846 | D:10     | Killed Snorg
 10847 | D:10     | Reached skill level 5 in Dodging
 10875 | D:10     | Found a bloodstained altar of Trog.
 10901 | D:10     | Noticed Sonja
 10931 | D:10     | Killed Sonja
 10940 | D:10     | Found a flagged portal.
 11001 | D:10     | Noticed Maurice
 11010 | D:10     | Killed Maurice
 11038 | Bailey   | Entered a bailey
 11198 | Bailey   | Learned a level 2 spell: Poisonous Vapours
 11202 | Bailey   | Learned a level 3 spell: Ignite Poison
 11424 | Bailey   | Noticed an orc warlord
 11579 | Bailey   | Reached XP level 12. HP: 99/99 MP: 17/21
 11739 | Bailey   | Killed an orc warlord
 12016 | D:10     | Found Megiodus's Assorted Antiques.
 12126 | D:10     | Found Montaik's Antique Armour Shop.
 12136 | D:10     | Found a staircase to the Lair.
 12163 | D:10     | Found Eley's Distillery.
 12169 | D:10     | Bought a potion of heal wounds for 75 gold pieces
 12185 | D:10     | Found Gishri's Book Boutique.
 12315 | D:5      | Bought a +1 barding of flying for 385 gold pieces
 12317 | D:5      | Identified a scroll of acquirement
 12317 | D:5      | Acquired a +2 barding of cold resistance
 12477 | D:10     | Got the Verses on Sciomancy and Concussion
 12578 | D:10     | Found a runed translucent door.
 12587 | D:10     | Noticed SigmundSlayer's ghost (journeyman DsGl)
 12587 | D:10     | Noticed a tengu warrior
 12634 | Lair:1   | Entered Level 1 of the Lair of Beasts
 12659 | Lair:1   | Gained mutation: You can use your snake-like lower body to
                  | constrict enemies. [Naga growth]
 12659 | Lair:1   | Reached XP level 13. HP: 105/105 MP: 7/22
 12690 | Lair:1   | Reached **** piety under Hepliaklqana
 12712 | Lair:1   | Noticed Urug
 12720 | Lair:1   | Killed Urug
 12744 | Lair:1   | Found a gate leading to a gauntlet.
 12753 | Gauntlet | Entered a Gauntlet
 12753 | Gauntlet | Found a transporter.
 12753 | Gauntlet | Found a large runed translucent door.
 12753 | Gauntlet | Found a large runed translucent door.
 12753 | Gauntlet | Found a large runed translucent door.
 12753 | Gauntlet | Found a large runed translucent door.
 12753 | Gauntlet | Found a runed translucent door.
 12753 | Gauntlet | Found a runed translucent door.
 12753 | Gauntlet | Found a large runed translucent door.
 12753 | Gauntlet | Found a large runed translucent door.
 12753 | Gauntlet | Found a large runed translucent door.
 12753 | Gauntlet | Found a large runed translucent door.
 12753 | Gauntlet | Found a large runed translucent door.
 12753 | Gauntlet | Found a large runed translucent door.
 12814 | Gauntlet | Found a large runed translucent door.
 12814 | Gauntlet | Found a large runed translucent door.
 12823 | Gauntlet | Found a transporter.
 12838 | Gauntlet | Found a transporter.
 12841 | Gauntlet | Noticed a reaper
 12843 | Gauntlet | Found a transporter.
 12860 | Gauntlet | Found a transporter.
 12877 | Gauntlet | Found a transporter.
 12889 | Gauntlet | Found a transporter.
 12901 | Gauntlet | Found a transporter.
 12913 | Gauntlet | Found a transporter.
 12925 | Gauntlet | Found a transporter.
 12944 | Gauntlet | Found a transporter.
 12944 | Gauntlet | Found a transporter.
 12973 | Gauntlet | Found a transporter.
 12975 | Gauntlet | Found a transporter.
 13035 | Gauntlet | Found a transporter.
 13054 | Gauntlet | Found a large runed translucent door.
 13055 | Gauntlet | Found a large runed translucent door.
 13060 | Gauntlet | Found a runed translucent gate.
 13060 | Gauntlet | Found a runed translucent gate.
 13060 | Gauntlet | Found a runed translucent gate.
 13062 | Gauntlet | Found a transporter.
 13072 | Gauntlet | Found a large runed translucent door.
 13073 | Gauntlet | Found a large runed translucent door.
 13083 | Gauntlet | Found a transporter.
 13107 | Gauntlet | Found a transporter.
 13210 | Gauntlet | Identified the ring of Yendor {+Blink rC+ rN+ Will+ Str+2}
 13297 | Gauntlet | Identified the +7 battleaxe of Infinite Pain {pain, rCorr
                  | Str+4 Dex-2}
 13302 | Gauntlet | Identified the ring "Afiub" {AC+4 SInv}
 13371 | Gauntlet | Noticed a minotaur
 13377 | Gauntlet | Killed a minotaur
 13928 | Lair:1   | Noticed Fannar
 13934 | Lair:1   | Killed Fannar
 15169 | Lair:2   | Found a staircase to the Shoals.
 15311 | Lair:2   | Identified the +0 ring mail of the End {-Cast Dex+3}
 15450 | Lair:2   | Noticed Harold
 15471 | Lair:2   | Killed Harold
 15490 | Lair:2   | Reached skill level 10 in Necromancy
 15643 | Lair:2   | Reached XP level 14. HP: 113/116 MP: 23/23
 16497 | Lair:3   | Reached skill level 10 in Polearms
 16787 | Lair:3   | Found a staircase to the Snake Pit.
 17304 | Lair:2   | Reached skill level 10 in Fighting
 17837 | Lair:4   | Found a staircase to the Slime Pits.
 17837 | Lair:4   | Found a viscous altar of Jiyva.
 18056 | Lair:3   | Reached skill level 10 in Invocations
 18991 | Lair:4   | Identified the +5 broad axe of Eternal Night {heavy, rC+}
 19088 | Lair:5   | Entered Level 5 of the Lair of Beasts
 19941 | Lair:5   | Reached XP level 15. HP: 54/126 MP: 2/24
 19942 | Lair:5   | Reached skill level 10 in Earth Magic
 20730 | Lair:5   | Found a large runed translucent door.
 20730 | Lair:5   | Found a large runed translucent door.
 22608 | D:12     | Reached skill level 1 in Fire Magic
 22620 | D:12     | Found a staircase to the Orcish Mines.
 22845 | D:12     | Reached ***** piety under Hepliaklqana
 23101 | D:12     | Found Icwenas's Antique Weapon Shoppe.
 24446 | Orc:1    | Entered Level 1 of the Orcish Mines
 24939 | Orc:1    | Found Duoquo's Weapon Emporium.
 25019 | Orc:2    | Entered Level 2 of the Orcish Mines
 25020 | Orc:2    | Found Huag's Weapon Shop.
 25348 | Orc:2    | Found a staircase to the Elven Halls.
 25578 | Orc:2    | Noticed Azrael
 25608 | Orc:2    | Killed from afar by Azrael

Illustrated notes

Levels and vault maps discovered:
D:1:      heliophobic_arrival_battle_scene, layout_basic
D:2:      layout_basic, basic_altar, hellmonk_ecumenical_altar_leap_of_faith
D:3:      layout_loops_ring, grunt_temple_overflow_holy_war, serial_bayou,
          serial_bayou_crossing, serial_bayou_pond_a, serial_bayou_lagoon_a,
          serial_bayou_lagoon_b, serial_bayou_shore_a, serial_bayou_pond_e
D:4:      layout_rooms, mainiacjoe_overflow_two_lobes,
          nzn_hepliaklqana_mist_gate, nicolae_elevator_lobby_asterisk,
          uniq_blork_the_orc
D:5:      layout_basic, makhleb_altar_promises_db, minmay_temple_entry_tees,
          serial_shops, nicolae_shop_tiny_real_fake_doors, uniq_ijyb,
          uniq_grinder
D:6:      layout_basic, uniq_edmund, uniq_menkaure
D:7:      layout_basic, eino_tiny_chamber, minmay_chambers_of_fives,
          uniq_duvessa
D:8:      layout_basic, serial_shops, shop, st_stairs_12
D:9:      layout_gridville
D:10:     layout_roguey, mainiacjoe_overflow_chevrons,
          grunt_lair_entry_orc_guard_hut, serial_shops,
          nicolae_shop_hallway_plus, shop, shop, shop, enter_bailey_8,
          ebering_ghost_inner_flame, nicolae_water_bricks, eino_tiny_chamber,
          kennysheep_generic_room_14, uniq_sonja, uniq_maurice, uniq_amaemon,
          uniq_snorg
D:11:     layout_basic
D:12:     minmay_quarter_circles, layout_layer_cave, david_orc_3, serial_shops,
          shop
Lair:1:   layout_small_grid, gauntlet_entry_generic, serial_rivers,
          chequers_serial_rivers_small_3, chequers_serial_rivers_small_b,
          chequers_serial_rivers_small_3, chequers_serial_rivers_small_3,
          chequers_serial_rivers_large_a, uniq_fannar, uniq_urug
Lair:2:   layout_loops_ring, elwin_shoals_entry_rocks,
          infiniplex_staircase_pool, uniq_harold
Lair:3:   layout_hall_layers, minmay_snake_entry_guardpost_small,
          grunt_megastairs_1, serial_bayou_shore_b
Lair:4:   layout_loops_ring, nicolae_slime_entry_slimehenge,
          minmay_lindwurm_lava
Lair:5:   cheibrodos_lair_end_hotspot, layout_concentric_octagons,
          minmay_hedge_maze
Orc:1:    layout_caves, serial_shops, shop
Orc:2:    st_orc_mages, layout_caves, serial_shops,
          nicolae_shop_bloodbath_and_beyond, basic_altar, uniq_azrael

Skill      XL: |  1  2  3  4  5  6  7  8  9 10 11 12 13 14 15 |
---------------+----------------------------------------------+-----
Stealth        | 1 2 3 4 5 |  5.2
Necromancy     | 1 2 3 4 5 6 8 10 11 | 11.4
Fighting       | 3 4 5 6 7 8 9 10 | 10.9
Spellcasting   | 3 4 6 |  6.0
Polearms       | 4 5 6 7 8 9 10 11 | 11.6
Invocations    | 2 3 5 6 7 9 10 11 | 11.4
Conjurations   | 4 |  4.3
Dodging        | 3 4 6 7 8 9 |  9.0
Earth Magic    | 3 4 7 8 9 10 | 10.3
Fire Magic     | 4 |  4.8

Action                     |  1- 3 |  4- 6 |  7- 9 | 10-12 | 13-15 || total
---------------------------+-------+-------+-------+-------+-------++-------
  Melee: Spear             |   106 |     2 |       |       |       ||   108
         Punch             |     1 |     1 |       |     2 |     3 ||     7
         Dagger            |       |   163 |    70 |       |       ||   233
         Trident           |       |       |    92 |   157 |   249 ||   498
         Constrict         |       |       |       |       |    73 ||    73
         Eveningstar       |       |       |       |       |   164 ||   164
  Throw: Dart              |       |     4 |    11 |       |       ||    15
         Javelin           |       |       |       |     2 |       ||     2
   Cast: Kiss of Death     |     2 |     1 |       |       |       ||     3
         Stone Arrow       |       |       |     9 |     4 |     7 ||    20
         Vampiric Draining |       |       |     4 |       |     6 ||    10
         Borgnjor's Vile C |       |       |       |    63 |   152 ||   215
         Poisonous Vapours |       |       |       |    14 |    19 ||    33
         Ignite Poison     |       |       |       |     4 |     7 ||    11
         Slow              |       |       |       |       |     1 ||     1
 Invoke: Ancestor Life: He |       |       |     1 |       |       ||     1
         Idealise          |       |       |       |       |     5 ||     5
         Recall Ancestor   |       |       |       |       |     1 ||     1
         Transference      |       |       |       |       |     2 ||     2
Ability: Spit Poison       |    25 |    17 |     4 |     4 |     3 ||    53
  Evoke: Wand              |       |     1 |     5 |    10 |    13 ||    29
         Phantom mirror    |       |       |       |     1 |     2 ||     3
    Use: Potion            |     1 |       |     3 |     1 |     3 ||     8
         Scroll            |       |       |     7 |    13 |    12 ||    32
   Stab: Sleeping          |       |       |     2 |       |     3 ||     5
         Distracted        |       |       |     2 |     2 |     8 ||    12
         Confused          |       |       |     1 |     5 |     5 ||    11
         Petrified         |       |       |       |       |     7 ||     7
         Paralysed         |       |       |       |       |    17 ||    17
 Armour: Leather armour    |    23 |    34 |   105 |    23 |       ||   185
         Skin              |       |       |     6 |       |       ||     6
         Robe              |       |       |       |    36 |   331 ||   367
  Dodge: Dodged            |    58 |    90 |    90 |   110 |   331 ||   679

Table legend: (Time is in decaauts)
 A = Elapsed time spent in this place.
 B = Non-inter-level travel time spent in this place.
 C = Inter-level travel time spent in this place.
 D = Time resting spent in this place.
 E = Time spent auto-exploring this place.
 F = Levels seen in this place.
 G = Mean time per level.
                   A        B        C        D        E       F      G
               +--------+--------+--------+--------+--------+-----+--------+
         Total |  31568 |  29902 |   1666 |   5148 |  17727 |  21 | 1503.2 |
       Dungeon |  18779 |  17837 |    942 |   2144 |  11816 |  12 | 1564.9 |
          Lair |   9503 |   8845 |    658 |   1876 |   5079 |   5 | 1900.6 |
  Orcish Mines |   1428 |   1363 |     65 |    340 |    770 |   2 |  714.0 |
        Bailey |    980 |    980 |      0 |    467 |     61 |   1 |  980.0 |
      Gauntlet |    877 |    877 |      0 |    320 |      0 |   1 |  877.0 |
               +--------+--------+--------+--------+--------+-----+--------+

Top non-repeatable levels by time:
    D:12: 2467 daAuts
  Lair:5: 2213 daAuts
  Lair:1: 2145 daAuts
  Lair:2: 1881 daAuts
     D:5: 1772 daAuts
  Lair:4: 1698 daAuts
     D:8: 1674 daAuts
     D:6: 1640 daAuts
    D:10: 1605 daAuts
     D:9: 1576 daAuts
  Lair:3: 1564 daAuts
     D:7: 1535 daAuts
     D:2: 1395 daAuts
     D:1: 1382 daAuts
     D:3: 1349 daAuts
